 Dungeon Crawl Stone Soup version 0.23-a0-175-g97aacdb306 (webtiles) character file.

4150 Holzbalken the Basher (level 10, -4/67 HPs)
             Began as a Demonspawn Gladiator on Sept 17, 2018.
             Was a Believer of Vehumet.
             Slain by an orc
             ... wielding a +1 trident of protection
              (9 damage)
             ... on level 8 of the Dungeon.
             The game lasted 00:29:04 (8299 turns).

Holzbalken the Basher (Demonspawn Gladiator)        Turns: 8299, Time: 00:29:05

Health: -4/67      AC:  6    Str: 17    XL:     10   Next: 7%
Magic:  0/10       EV: 12    Int: 11    God:    Vehumet [**....]
Gold:   495        SH:  6    Dex: 14    Spells: 9/9 levels left

rFire    + . .     SeeInvis .   a - +0 flail
rCold    + + .     Gourm    .   t - +1 buckler
rNeg     . . .     Faith    +   D - +1 leather armour of the Ward {rPois rC+}
rPois    +         Spirit   +   c - +0 helmet
rElec    .         Reflect  .   n - scarf {rC+ rF+}
rCorr    +         Harm     .   (no gloves)
MR       .....                  E - +0 pair of boots (curse)
Stlth    +.........             h - amulet of faith
HPRegen  0.21/turn              j - ring of poison resistance
MPRegen  0.12/turn              G - ring of resist corrosion

@: no status effects
A: claws 2, spiny 2, magic shield
a: Renounce Religion


You were on level 8 of the Dungeon.
You worshipped Vehumet.
Vehumet was pleased with you.
You were hungry.

You visited 2 branches of the dungeon, and saw 9 of its levels.
You also visited: Ossuary.

You collected 495 gold pieces.

Inventory:

Hand Weapons
 a - a +0 flail (weapon)
Missiles
 d - 4 throwing nets (quivered)
Armour
 b - a +0 leather armour
 c - a +0 helmet (worn)
 n - a scarf of resistance (worn)
 s - a +0 scale mail
 t - a +1 buckler (worn)
 v - a +0 chain mail
 B - the +3 leather armour "Xixtocut" {rPois rN+ Str-4 Int+10}
   (You found it on level 6 of the Dungeon)

   It affects your strength (-4).
   It affects your intelligence (+10).
   It protects you from poison.
   It protects you from negative energy.
 D - the +1 leather armour of the Ward (worn) {rPois rC+}
   (You found it on level 7 of the Dungeon)

   It protects you from cold.
   It protects you from poison.
 E - a cursed +0 pair of boots (worn)
Jewellery
 h - an amulet of faith (around neck)
 j - a ring of poison resistance (left claw)
 y - an uncursed ring of wizardry
 F - an uncursed ring of magical power
 G - a ring of resist corrosion (right claw)
 I - an uncursed ring of protection from fire
 M - an uncursed ring of flight {unknown}
Wands
 K - a wand of clouds (7)
Scrolls
 e - 3 scrolls of remove curse
 m - 2 scrolls of enchant armour
 x - 3 scrolls of teleportation
 C - a scroll of fog {unknown}
 H - a scroll of summoning {unknown}
 J - a scroll of vulnerability {unknown}
 L - a scroll of random uselessness {unknown}
 N - a scroll of identify
Potions
 g - 2 potions of lignification
 i - 3 potions of curing {unknown}
 k - a potion of resistance
 l - a potion of brilliance {unknown}
 o - a potion of magic
 p - 3 potions of flight {unknown}
 q - 2 potions of heal wounds
 r - 2 potions of mutation {unknown}
 u - 4 potions of agility
 w - 2 potions of ambrosia {unknown}
 z - 3 potions of haste
 A - a potion of cancellation {unknown}
Comestibles
 f - 11 rations
 O - 3 chunks of flesh


   Skills:
 - Level 2.0 Fighting
 + Level 12.6 Maces & Flails
 - Level 1.7 Throwing
 - Level 2.6 Dodging
 - Level 4.0 Shields


You had 9 spell levels left.
You didn't know any spells.
Your spell library was empty.

Dungeon Overview and Level Annotations

Branches:
Dungeon (8/15)             Temple (1/1) D:7
   Lair: D:8-11

Altars:
Ashenzari
Dithmenos
Elyvilon
Fedhas
Gozag
Hepliaklqana
Kikubaaqudgha
Makhleb
Nemelex Xobeh
Okawaru
Qazlal
Ru
Sif Muna
Trog
Uskayaw
Vehumet
Wu Jian
Xom
Yredelemnul
Zin
The Shining One

Shops:
D:6 (


Innate Abilities, Weirdness & Mutations

You have very sharp fingernails.
You are mostly covered in sharp spines.
When hurt, damage is shared between your health and your magic reserves.


Message History

The orc warrior hits you but does no damage.
You closely miss the orc warrior.
The orc warrior is almost dead.
The orc hits you but does no damage.
You hit the orc warrior but do no damage.
The orc warrior is almost dead.
The orc warrior hits you with a war axe!
* * * LOW HITPOINT WARNING * * *
You feel much better. The orc closely misses you.
The orc warrior hits you with a war axe.
* * * LOW HITPOINT WARNING * * *
You closely miss the orc warrior.
The orc warrior is almost dead.
You block the orc's attack.
You hit the orc warrior but do no damage.
The orc warrior is almost dead.
The orc warrior hits you with a war axe!
* * * LOW HITPOINT WARNING * * *
The orc hits you from afar with a trident of protection!
You die...

#......######.
#..............
#.......#.....# #
#....[..#<....#.#
#.......#....##.# ###
#)..............###....
###....##.....# .......
#....##.....##o......
#.(.........@oo......
#######.....##.......
####### ...#### ####


You could see an orc warrior and 2 orcs.

Vanquished Creatures
  A two-headed ogre (D:6)
  A hippogriff (D:7)
  A hungry ghost (D:7)
  2 water moccasins
  An orc warrior (D:6)
  A black bear (D:6)
  A phantom (D:5)
  2 sky beasts
  4 ogres
  A centaur (D:6)
  4 bullfrogs
  4 water moccasin zombies (Ossuary)
  6 killer bees (D:7)
  A vampire bat (D:4)
  A howler monkey (D:6)
  3 crimson imps
  2 bullfrog zombies (D:5)
  7 orc priests
  4 hounds
  Crazy Yiuf (D:6)
  3 jellies
  A centaur skeleton (D:8)
  An iguana (D:8)
  3 orc wizards
  4 worker ants
  5 big kobold zombies (Ossuary)
  2 hound zombies (D:5)
  A hound skeleton (D:7)
  2 mummies (Ossuary)
  A worker ant zombie (D:6)
  6 gnolls
  11 adders
  3 shadow imps
  An ooze (D:4)
  An adder skeleton (D:6)
  4 adder zombies (Ossuary)
  A worm (D:3)
  A dart slug (D:1)
  A leopard gecko (D:4)
  18 orcs
  A bat zombie (D:2)
  7 giant cockroaches
  2 gnoll zombies (Ossuary)
  6 goblins
  4 hobgoblins
  4 jackals
  4 quokkas
  13 bats
  A hobgoblin zombie (Ossuary)
  A jackal skeleton (D:6)
  A jackal zombie (D:6)
  10 kobolds
  5 kobold zombies (Ossuary)
  A leopard gecko skeleton (D:4)
  8 orc zombies (Ossuary)
  4 rats
  A rat zombie (D:2)
191 creatures vanquished.

Notes
Turn   | Place    | Note
-------+----------+-------------------------------------------
     0 | D:1      | Holzbalken the Demonspawn Gladiator began the quest for the
                  | Orb.
     0 | D:1      | Reached XP level 1. HP: 16/16 MP: 1/1
   363 | D:1      | Reached skill level 3 in Maces & Flails
   490 | D:1      | Gained mutation: You are partially covered in sharp spines.
                  | [demonic ancestry]
   490 | D:1      | Reached XP level 2. HP: 22/22 MP: 2/2
  1145 | D:2      | Reached XP level 3. HP: 20/27 MP: 3/3
  1254 | D:2      | Found a hide-covered altar of Uskayaw.
  1258 | D:2      | Reached skill level 4 in Maces & Flails
  1828 | D:2      | Found an ancient bone altar of Kikubaaqudgha.
  2040 | D:3      | Reached skill level 1 in Shields
  2040 | D:3      | Gained mutation: You have sharp fingernails. [demonic
                  | ancestry]
  2040 | D:3      | Reached XP level 4. HP: 25/33 MP: 4/4
  2309 | D:3      | Found a deep blue altar of Sif Muna.
  2357 | D:4      | Reached XP level 5. HP: 19/38 MP: 5/5
  2483 | D:4      | Found a sand-covered staircase.
  2488 | Ossuary  | Entered an ossuary
  2519 | Ossuary  | Reached skill level 5 in Maces & Flails
  2809 | Ossuary  | Gained mutation: When hurt, damage is shared between your
                  | health and your magic reserves. [demonic ancestry]
  2809 | Ossuary  | Reached XP level 6. HP: 36/44 MP: 6/6
  3169 | Ossuary  | Reached skill level 6 in Maces & Flails
  3169 | Ossuary  | Gained mutation: You are mostly covered in sharp spines.
                  | [demonic ancestry]
  3169 | Ossuary  | Reached XP level 7. HP: 26/50 MP: 3/7
  3343 | D:4      | Found an iron altar of Okawaru.
  3671 | D:4      | Reached skill level 7 in Maces & Flails
  4031 | D:5      | Entered Level 5 of the Dungeon
  4158 | D:5      | Reached skill level 8 in Maces & Flails
  4158 | D:5      | Gained mutation: You have very sharp fingernails. [demonic
                  | ancestry]
  4158 | D:5      | Reached XP level 8. HP: 47/56 MP: 8/8
  4459 | D:5      | Found a radiant altar of Vehumet.
  4459 | D:5      | Found a basalt altar of Yredelemnul.
  4459 | D:5      | Found a sparkling altar of Nemelex Xobeh.
  4459 | D:5      | Found a shattered altar of Ashenzari.
  4460 | D:5      | Found an ornate altar of the Wu Jian Council.
  4463 | D:5      | Found a deep blue altar of Sif Muna.
  4819 | D:5      | Reached skill level 9 in Maces & Flails
  5166 | D:6      | Noticed a two-headed ogre
  5223 | D:6      | Found Jair's Antique Weapon Emporium.
  5227 | D:6      | Got a distressingly furry leather armour
  5240 | D:6      | Identified the +3 leather armour "Xixtocut" {rPois rN+
                  | Str-4 Int+10} (You found it on level 6 of the Dungeon)
  5293 | D:6      | Killed a two-headed ogre
  5293 | D:6      | Reached skill level 10 in Maces & Flails
  5293 | D:6      | Reached XP level 9. HP: 24/61 MP: 2/9
  5487 | D:7      | Got a translucent leather armour
  5507 | D:7      | Found a staircase to the Ecumenical Temple.
  5516 | Temple   | Entered the Ecumenical Temple
  5527 | Temple   | Identified the +1 leather armour of the Ward {rPois rC+}
                  | (You found it on level 7 of the Dungeon)
  5889 | D:5      | Became a worshipper of Vehumet
  6098 | D:6      | Reached skill level 11 in Maces & Flails
  6699 | D:6      | Reached * piety under Vehumet
  6699 | D:6      | Offered knowledge of Freeze by Vehumet.
  6955 | D:6      | Found a runed door.
  6959 | D:6      | Noticed Crazy Yiuf
  6969 | D:6      | Killed Crazy Yiuf
  7564 | D:7      | Reached skill level 12 in Maces & Flails
  7603 | D:7      | Reached ** piety under Vehumet
  7851 | D:7      | Offered knowledge of Magic Dart by Vehumet.
  7858 | D:7      | Reached XP level 10. HP: 50/67 MP: 6/10
  8296 | D:8      | HP: 2/67 [orc warrior/war axe (11)]
  8299 | D:8      | Slain by an orc

Vault maps used:
D:1:      kilobyte_arrival_exit_the_forest
D:2:      eat_drink_and_be_merry_uskayaw, lemuel_zombie_altar_kikubaaqudgha
D:3:      kennysheep_another_room, lemuel_blue_sif_altar
D:4:      nicolae_ossuary_entry_false_entrances, roderic_batcave,
          kennysheep_okawaru_gauntlet
D:5:      minitemple, first_ration, serial_bayou, serial_bayou_pond_b,
          serial_bayou_ford_a, serial_bayou_lake_a, serial_bayou_pond_a
D:6:      serial_shops, shop, minivault_26, uniq_crazy_yiuf_cottage
D:7:      temple_fountains
D:8:      dpeg_oklobed_lair
Temple:   cyrus_circular_temple
Ossuary:  ossuary_tomb_2

Skill      XL: |  1  2  3  4  5  6  7  8  9 |
---------------+----------------------------+-----
Maces & Flails | 3 4 5 6 8 10 12 | 12.6
Shields        | 1 2 3 4 |  4.0
Fighting       | |  2.0
Throwing       | |  1.7
Dodging        | |  2.6

Action                   |  1- 3 |  4- 6 |  7- 9 | 10-12 || total
-------------------------+-------+-------+-------+-------++-------
Melee: Flail             |   113 |   147 |   345 |    45 ||   650
  Use: Scroll            |       |    10 |     9 |       ||    19
       Potion            |       |       |       |     1 ||     1
 Stab: Sleeping          |     2 |       |       |       ||     2
  Eat: Chunk             |     3 |       |    11 |     1 ||    15
       Ration            |       |     1 |     2 |       ||     3
Armor: Leather armour    |    34 |    20 |    52 |     4 ||   110
       Chain mail        |       |       |    59 |       ||    59
Dodge: Dodged            |    79 |    53 |   120 |    15 ||   267
Block: Buckler           |     4 |    38 |    90 |    13 ||   145

Table legend:
 A = Non-vault XP
 B = Vault XP
 C = Vault XP percentage of total XP
 D = Non-vault monster count
 E = Vault monster count
 F = Vault count percentage of total count
                 A         B        C        D         E       F
            +---------+---------+-------+---------+---------+-------
      Total |    5154 |     775 |  13.1 |     147 |      44 |  23.0
            +---------+---------+-------+---------+---------+-------
        D:1 |      20 |       0 |   0.0 |      12 |       0 |   0.0
        D:2 |      55 |       3 |   5.2 |      20 |       2 |   9.1
        D:3 |      64 |       0 |   0.0 |       7 |       0 |   0.0
        D:4 |     413 |      70 |  14.5 |      22 |       9 |  29.0
        D:5 |     766 |     124 |  13.9 |      23 |       1 |   4.2
        D:6 |    1933 |      42 |   2.1 |      27 |       1 |   3.6
        D:7 |    1511 |       0 |   0.0 |      29 |       0 |   0.0
        D:8 |     392 |       0 |   0.0 |       7 |       0 |   0.0
    Ossuary |       0 |     536 | 100.0 |       0 |      31 | 100.0
            +---------+---------+-------+---------+---------+-------
